 Dungeon Crawl Stone Soup version 0.25-a0-547-g27a0b5d1ef (webtiles) character file.

Game seed: 6129051366979287700, levelgen mode: deterministic

456 Eurus the Conjurer (level 6, -4/46 HPs)
             Began as a Mummy Conjurer on Feb 22, 2020.
             Was a Follower of Ashenzari.
             Slain by a hornet (9 damage)
             ... on level 5 of the Dungeon.
             The game lasted 00:10:57 (4968 turns).

Eurus the Conjurer (Mummy Conjurer)                 Turns: 4968, Time: 00:10:57

Health: -4/46      AC:  4    Str: 12    XL:     6   Next: 77%
Magic:  8/13       EV: 12    Int: 16    God:    Ashenzari [*.....]
Gold:   224        SH:  0    Dex: 12    Spells: 7/14 levels left

rFire    x . .     SeeInvis .   j - +0 dagger (venom)
rCold    + . .     Gourm    .   (no shield)
rNeg     + + +     Faith    .   a - +0 robe
rPois    ∞         Spirit   .   h - +0 helmet (curse)
rElec    .         Reflect  .   (no cloak)
rCorr    .         Harm     .   o - +0 pair of gloves
MR       .....                  (no boots)
Stlth    ++........             g - amulet of magic regeneration
HPRegen  0.15/turn              (no ring)
MPRegen  0.38/turn              (no ring)

@: no status effects
A: no food or potions, fire vulnerability, cold resistance 1, negative energy
resistance 3, torment resistance, unbreathing
a: Curse Item, Scrying, Renounce Religion


You were on level 5 of the Dungeon.
You worshipped Ashenzari.
Ashenzari was aware of your devotion.
You were not hungry.

You visited 2 branches of the dungeon, and saw 7 of its levels.

You collected 224 gold pieces.

Inventory:

Hand Weapons
 j - a +0 dagger of venom (weapon)
Armour
 a - a +0 robe (worn)
 h - a cursed +0 helmet (worn)
 l - a +0 tower shield
 m - a +0 buckler
 o - a +0 pair of gloves (worn)
Jewellery
 g - an amulet of magic regeneration (around neck)
 p - an uncursed ring of fire
Wands
 f - a wand of iceblast (10)
Scrolls
 b - 6 scrolls of identify {unknown}
 c - a scroll of fear {unknown}
 d - a scroll of enchant weapon {unknown}
 e - 2 scrolls of blinking {unknown}
 i - a scroll of magic mapping {unknown}
 k - a scroll of immolation {unknown}
 n - 2 scrolls of remove curse
 q - a scroll of amnesia {unknown}


   Skills:
 - Level 2.8 Fighting
 - Level 1.5 Dodging
 - Level 1.5 Stealth
 * Level 1.5 Shields
 + Level 4.9 Spellcasting
 + Level 5.0 Conjurations
 + Level 0.8 Translocations


You had 7 spell levels left.
You knew the following spells:

 Your Spells              Type           Power        Failure   Level  Hunger
a - Magic Dart            Conj           ###.         1%          1    N/A
b - Searing Ray           Conj           ###...       3%          2    N/A
c - Iskenderun's Mystic   Conj/Tloc      ##......     41%         4    N/A

Your spell library contained the following spells:

 Spells                   Type           Power        Failure   Level  Hunger
 Shock                    Conj/Air       ##..         5%          1    N/A
 Infusion                 Chrm           #...         16%         1    N/A
 Dazzling Flash           Conj/Hex       ##....       16%         3    N/A
 Shroud of Golubria       Chrm/Tloc      #.....       21%         2    N/A
 Song of Slaying          Chrm           #.......     24%         2    N/A
 Ozocubu's Armour         Chrm/Ice       #.......     43%         3    N/A
 Spectral Weapon          Hex/Chrm       #.......     43%         3    N/A
 Fulminant Prism          Conj/Hex       ##........   47%         4    N/A
 Cause Fear               Hex            #.........   83%         4    N/A
 Lightning Bolt           Conj/Air       ##........   83%         5    N/A
 Tornado                  Air            #.........   100%        9    N/A

Dungeon Overview and Level Annotations

Branches:
Dungeon (6/15)             Temple (1/1) D:4

Altars:
Ashenzari
Dithmenos
Gozag
Hepliaklqana
Makhleb
Nemelex Xobeh
Okawaru
Qazlal
Ru
Trog
Uskayaw
Vehumet
Wu Jian
Xom

Annotations:
D:3 Sigmund
D:5 exclusion: sky beast, Dowan, Duvessa


Innate Abilities, Weirdness & Mutations

You do not eat or drink.
Your flesh is vulnerable to fire.
You are immune to poison.
Your flesh is cold resistant. (rC+)
You are immune to negative energy. (rN+++)
You are immune to unholy pain and torment.
You can survive without breathing.


Message History

Casting: Searing Ray (safe; 3% risk of failure)
Confirm with . or Enter, or press ? or * to list all spells.
Aiming: Searing Ray (safe; 3% risk of failure)
Press: ? - help, Shift-Dir - straight line, f - hornet
Aim: a hornet The searing ray hits the hornet.
The hornet is lightly wounded. (Press . to maintain the ray.)
The hornet misses you.
The howler monkey hoots and howls with incredible vigour!
The hornet stings you!
The searing ray hits the hornet.
The hornet is moderately wounded.
The howler monkey hits you. The hornet stings you!
* * * LOW HITPOINT WARNING * * *
The howler monkey hits you but does no damage.
The searing ray hits the hornet.
The hornet is moderately wounded.
The hornet stings you!
You die...

#.########## #.## #..........#
#... #.########.# #.#. ###### #.#
#.# #.#.
§....###.########.############.#.
.☼.......#........##.).........#.
§._..#####.#########.###########.
.....#####.#########.#.....# #.
...............y@h...#.###.#####.
#..#######.###########.# #.......
#.....# #.# #.########## #.....#
#.# #.....# #.....# #.# #####.#
#.....# #.# ######## #.# ##.....#
#.# #......# #.# .......# #.#
#......# #.# ....##.# #.#
#......# #.#


You could see a hornet and a howler monkey.

Vanquished Creatures
  A crimson imp (D:4)
  2 jellies (D:5)
  A hound (D:3)
  2 orc wizards (D:3)
  3 worker ants
  A hound skeleton (D:4)
  4 gnolls (D:3)
  4 adders
  A shadow imp (D:5)
  An ooze (D:3)
  An adder skeleton (D:4)
  A worm (D:2)
  A dart slug (D:2)
  A leopard gecko (D:3)
  10 orcs
  5 giant cockroaches
  11 goblins
  13 hobgoblins
  8 jackals
  A quokka (D:3)
  5 ball pythons
  5 bats
  4 frilled lizards
  2 kobolds
  10 rats
98 creatures vanquished.

Vanquished Creatures (others)
  Blork the orc (D:5)
1 creature vanquished.

Grand Total: 99 creatures vanquished

Notes
Turn   | Place    | Note
-------+----------+-------------------------------------------
     0 | D:1      | Eurus the Mummy Conjurer began the quest for the Orb.
     0 | D:1      | Reached XP level 1. HP: 13/13 MP: 4/4
   282 | D:1      | Reached XP level 2. HP: 18/20 MP: 3/5
   286 | D:1      | Learned a level 2 spell: Searing Ray
   853 | D:1      | Reached skill level 1 in Fighting
   962 | D:2      | Reached XP level 3. HP: 13/26 MP: 1/7
  1818 | D:2      | Reached skill level 4 in Conjurations
  1818 | D:2      | Reached XP level 4. HP: 32/32 MP: 5/9
  2374 | D:3      | Found a shattered altar of Ashenzari.
  2396 | D:3      | Became a worshipper of Ashenzari the Shackled
  2472 | D:3      | Noticed Sigmund
  2595 | D:3      | Reached XP level 5. HP: 38/38 MP: 6/11
  3365 | D:3      | Found a burning altar of Makhleb.
  3367 | D:3      | Reached XP level 6. HP: 46/46 MP: 9/12
  3382 | D:3      | Learned a level 4 spell: Iskenderun's Mystic Blast
  3580 | D:4      | Found a staircase to the Ecumenical Temple.
  3587 | Temple   | Entered the Ecumenical Temple
  3859 | D:4      | Reached * piety under Ashenzari
  3882 | D:4      | Found a shadowy altar of Dithmenos.
  4094 | D:5      | Entered Level 5 of the Dungeon
  4114 | D:5      | Noticed a sky beast
  4166 | D:5      | Reached skill level 5 in Conjurations
  4379 | D:5      | Identified Sif Muna's Compendium of Flying Curses
  4413 | D:4      | Reached skill level 1 in Shields
  4552 | D:5      | Found a radiant altar of Vehumet.
  4552 | D:5      | Noticed Blork the orc
  4563 | D:5      | Killed Blork the orc
  4597 | D:5      | Found an ornate altar of the Wu Jian Council.
  4597 | D:5      | Found a stormy altar of Qazlal.
  4841 | D:5      | Noticed Dowan
  4841 | D:5      | Noticed Duvessa
  4960 | D:6      | Noticed a hornet
  4968 | D:5      | Slain by a hornet

Levels and vault maps discovered:
D:1:      wander_arrival_fairy_ring, layout_rooms
D:2:      layout_rooms, first_ration, minmay_between
D:3:      layout_rooms, makhleb_blood_cavern_becter, roderic_roman_lattice,
          kennysheep_crisscross, evilmike_ruin_ashenzari, uniq_sigmund
D:4:      layout_rooms, marbit_many_paths, minmay_temple_entry_statues_fountains
D:5:      layout_basic, fiery_altar_vehumet, gammafunk_temple_overflow_statue,
          uniq_duvessa, uniq_blork_the_orc, uniq_eustachio, uniq_menkaure
D:6:      cheibrodos_fzero, layout_loops_ring, lemuel_crystal_altar,
          basic_altar, serial_shops, kennysheep_mini, uniq_grinder
Temple:   nicolae_temple_x_marks_the_god

Skill      XL: |  1  2  3  4  5  6 |
---------------+-------------------+-----
Spellcasting   | 3 4 |  4.9
Fighting       | 1 2 |  2.8
Conjurations   | 4 5 |  5.0
Shields        | 1 |  1.5
Dodging        | |  1.5
Stealth        | |  1.5
Translocations | |  0.8

Action                   |  1- 3 |  4- 6 || total
-------------------------+-------+-------++-------
Melee: Club              |    12 |       ||    12
       Dagger            |    58 |    56 ||   114
 Cast: Magic Dart        |    52 |    50 ||   102
       Searing Ray       |     5 |    24 ||    29
 Stab: Sleeping          |       |     1 ||     1
Armor: Robe              |    11 |    32 ||    43
Dodge: Dodged            |    36 |    61 ||    97

Table legend:
 A = Non-vault XP
 B = Vault XP
 C = Vault XP percentage of total XP
 D = Non-vault monster count
 E = Vault monster count
 F = Vault count percentage of total count
                 A         B        C        D         E       F
            +---------+---------+-------+---------+---------+-------
      Total |     560 |      92 |  14.1 |      92 |       6 |   6.1
            +---------+---------+-------+---------+---------+-------
        D:1 |      34 |       0 |   0.0 |      21 |       0 |   0.0
        D:2 |      82 |      17 |  17.2 |      20 |       4 |  16.7
        D:3 |     248 |      42 |  14.5 |      37 |       1 |   2.6
        D:4 |      88 |      33 |  27.3 |       8 |       1 |  11.1
        D:5 |     108 |       0 |   0.0 |       6 |       0 |   0.0
            +---------+---------+-------+---------+---------+-------
